AoeStats
← andrea90d23

Arabia

510214472Analyzed
1v1 RM · 15h ago on Sep 30, 2026· 44m 46s· 2 players
Game mode
Random Map
Map size
Tiny (2 player)
Population
200
Speed
Normal
Resources
Standard
Victory
Conquest
Starting age
Dark Age
Ending age
Imperial Age
RankedLock teamsTeams togetherTeam positionsShared explorationLock speedFull tech treeHidden civsTurbo modeCheats
Victory
Defeat
🇲🇽 Chinese · Mexico
1223
+15
🇦🇷 Cumans · Argentina
1209
-15
andrea90d23
6:06 Loom
9:17 Feudal Age
9:56 Double-Bit Axe
10:49 Horse Collar
21:26 Castle Age
20:15 Forging
20:38 Bloodlines
21:05 Scale Barding Armor
22:15 Wheelbarrow
21:25 Town Watch
26:27 Iron Casting
27:09 Chain Barding Armor
27:55 Fletching
28:05 Padded Archer Armor
29:45 Steppe Husbandry
30:08 Bow Saw
30:01 Heavy Plow
30:06 Town Patrol
30:35 Hand Cart
35:55 Imperial Age
33:03 Light Cavalry
37:41 Blast Furnace
37:18 Plate Barding Armor
36:09 Hussar
38:31 Two-Man Saw
37:39 Stone Mining
37:39 Gold Mining
38:24 Thumb Ring
40:48 Elite Skirmisher
MachG109426
0:27 Loom
9:37 Feudal Age
10:02 Double-Bit Axe
18:53 Castle Age
17:21 Gold Mining
17:14 Horse Collar
17:49 Fletching
19:15 Crossbowman
19:51 Bodkin Arrow
25:00 Wheelbarrow
25:47 Scale Mail Armor
26:17 Bow Saw
26:58 Chain Mail Armor
26:49 Squires
28:03 Hand Cart
28:11 Heavy Plow
28:50 Gold Shaft Mining
28:32 Forging
29:55 Iron Casting
33:06 Imperial Age
30:48 Padded Archer Armor
33:14 Ballistics
34:18 Plate Mail Armor
34:25 Conscription
34:07 Bracer
35:23 Two-Man Saw
34:17 Stone Mining
34:00 Capped Ram
35:47 Blast Furnace
34:38 Arson
34:20 Elite Fire Lancer
35:57 Siege Ram
36:57 Town Watch
Connection lost

Rejoining the realm…

Still unreachable

The connection could not be restored.

Session expired

The server has moved on; the page needs a fresh start.